[Event "*** Qualifier 1: Titled Tuesday 3|2 Blitz"]
[Site "Chess.com"]
[Date "2017.04.04"]
[Round "6"]
[White "nihalsarin"]
[Black "ohusbands"]
[Result "1-0"]
[WhiteElo "2518"]
[BlackElo "2222"]
[TimeControl "180+2"]
[EndTime "14:20:46 PDT"]
[Termination "nihalsarin won by resignation"]

1. Nf3 d5 2. b3 Nf6 3. Bb2 e6 4.
g3 Be7 5. Bg2 O-O 6. O-O c5 7. e3 Nc6 8. c4 d4 9. exd4 cxd4 10.
d3 e5 11. Na3 Ne8 12. Nc2 f6 13.
Re1 Bg4 14. a3 a5 15. Rb1 Nc7 16. Bc1 Qd7 17. Bd2 Ne6 18. b4 Ng5 19. Bxg5 fxg5 20. b5 Qf5 21. bxc6 bxc6 22. Rxe5 Qxe5 23. Nxe5 Bxd1 24.
Rxd1 Bc5 25. Nd7 1-0

[Event "*** Qualifier 1: Titled Tuesday 3|2 Blitz"]
[Site "Chess.com"]
[Date "2017.04.04"]
[Round "6"]
[White "Maung-Mg-KZH"]
[Black "yian123"]
[Result "1-0"]
[WhiteElo "2327"]
[BlackElo "2389"]
[TimeControl "180+2"]
[EndTime "14:20:58 PDT"]
[Termination "Maung-Mg-KZH won by resignation"]

1. Nf3 d5 2. d4 Nf6 3. c4 c6 4.
Nc3 a6 5. cxd5 cxd5 6. Bf4 Nc6 7.
e3 Bg4 8. Be2 Rc8 9. O-O e6 10.
Rc1 Be7 11. h3 Bh5 12. Qb3 Na5 13. Qa4+ Nd7 14. Nxd5 exd5 15. Rxc8 Qxc8 16. Qxa5 Nf6 17. g4 Bg6 18. Ne5 O-O 19. g5 Ne4 20. Nxg6 hxg6 21. Qxd5 Nd6 22. Bg4 Qd8 23. Rc1 Qb6 24. Rc2 Rd8 25.
Qc5 Qxc5 26. Rxc5 Kf8 27. Rc7 1-0

[Event "*** Qualifier 1: Titled Tuesday 3|2 Blitz"]
[Site "Chess.com"]
[Date "2017.04.04"]
[Round "6"]
[White "saraswathii"]
[Black "FLchessplayer"]
[Result "0-1"]
[WhiteElo "2173"]
[BlackElo "2044"]
[TimeControl "180+2"]
[EndTime "14:21:23 PDT"]
[Termination "FLchessplayer won on time"]

1. e4 c5 2. Nf3 d6 3. d3 g6 4. g3 Bg7 5. Bg2 Nc6 6. O-O Qc7 7. c3 b5 8. Be3 Bb7 9. Qe2 a5 10. Nbd2 b4 11. Rfc1 Nf6 12. d4 cxd4 13. cxd4 Qb8 0-1

[Event "*** Qualifier 1: Titled Tuesday 3|2 Blitz"]
[Site "Chess.com"]
[Date "2017.04.04"]
[Round "6"]
[White "pKiLz5Rn9b"]
[Black "HaryKane"]
[Result "1-0"]
[WhiteElo "2599"]
[BlackElo "2401"]
[TimeControl "180+2"]
[EndTime "14:22:06 PDT"]
[Termination "pKiLz5Rn9b won on time"]

1. d4 Nf6 2. Nf3 e6 3. Nbd2 c5 4. e4 cxd4 5. e5 Nd5 6. Nxd4 Nc6 7. Nxc6 dxc6 8. Bd3 Qc7 9. Nf3 Bb4+ 10. c3 Bc5 11. O-O b5 12. Qe2 Bb6 13. a4 bxa4 14.
Rxa4 Bb7 15. Rg4 g6 16. Bg5 h6 17. Bd2 O-O-O 18. Ra1 g5 19. Ba6 Kb8 20. Bxb7 Qxb7 21. Rga4 g4 22. Ne1 h5 23. c4 Ne7 24. Nd3 c5 25. b4 Nf5 26. Bc3 Nh4 27. Ne1 cxb4 28. Bxb4 Rhg8 29. c5 Nf3+ 30. Kh1 Bc7 31. gxf3 gxf3 32.
Qxf3 Rd5 33. Rxa7 Qxa7 34. Rxa7 Kxa7 35. c6 1-0

[Event "*** Qualifier 1: Titled Tuesday 3|2 Blitz"]
[Site "Chess.com"]
[Date "2017.04.04"]
[Round "6"]
[White "indfraeng"]
[Black "NTBT_DHS"]
[Result "0-1"]
[WhiteElo "1765"]
[BlackElo "2444"]
[TimeControl "180+2"]
[EndTime "14:22:09 PDT"]
[Termination "NTBT_DHS won by checkmate"]

1. d4 Nf6 2. c4 g6 3. Nc3 Bg7 4.
e4 d6 5. f3 O-O 6. Nge2 c5 7.
Be3 Nc6 8. d5 Ne5 9. Ng3 h5 10.
Be2 h4 11. Nf1 e6 12. Nd2 exd5 13. cxd5 a6 14. a4 h3 15. g3 Bd7 16. f4 Neg4 17.
Bg1 Re8 18. Qc2 b5 19. axb5 axb5 20. Rxa8 Qxa8 21. Nxb5 Bxb5 22. Bxb5 Nxe4 23. Nxe4 Qa5+ 24. Kd1 Qxb5 25. Nxd6 Qf1+ 26. Kd2 Re2+ 27. Kd3 Qf3+ 28. Kc4 Rxc2+ 29. Kb5 Qxd5 30. Bxc5 Rxb2+ 31. Ka5 Qxc5+ 32. Ka4 Qb4# 0-1

[Event "*** Qualifier 1: Titled Tuesday 3|2 Blitz"]
[Site "Chess.com"]
[Date "2017.04.04"]
[Round "6"]
[White "Blitzstream"]
[Black "jcgs1030"]
[Result "0-1"]
[WhiteElo "2484"]
[BlackElo "2286"]
[TimeControl "180+2"]
[EndTime "14:22:13 PDT"]
[Termination "jcgs1030 won by resignation"]

1. d4 Nf6 2. Bg5 Ne4 3. Bh4 c5 4. f3 Qa5+ 5. c3 Nd6 6. d5 g6 7.
e4 Bg7 8. Nd2 b5 9. Qe2 Ba6 10.
e5 Nf5 11. Bf2 b4 12. Nc4 Bxc4 13. Qxc4 bxc3 14. bxc3 Bxe5 15. Ne2 d6 16. g4 Nh6 17.
Be3 Bg7 18. h4 Nd7 19. Kf2 Ne5 20. Qb3 O-O 21. h5 c4 22. Qc2 Qxd5 23. Bg2 Nhxg4+ 24. fxg4 Nxg4+ 25. Kg3 Qxg2+ 26. Kxg2 Nxe3+ 27. Kf3 Nxc2 0-1

[Event "*** Qualifier 1: Titled Tuesday 3|2 Blitz"]
[Site "Chess.com"]
[Date "2017.04.04"]
[Round "6"]
[White "Aragon"]
[Black "Osensei"]
[Result "1-0"]
[WhiteElo "2013"]
[BlackElo "1128"]
[TimeControl "180+2"]
[EndTime "14:22:13 PDT"]
[Termination "Aragon won on time"]

1. e4 c5 2. Nf3 d6 3. Bb5+ Bd7 4.
Bxd7+ Qxd7 5. c4 Nf6 6. Nc3 g6 7. d4 cxd4 8. Nxd4 Bg7 9. Be3 O-O 10. f3 Rc8 11. b3 Nc6 12. O-O Nb4 13. Qd2 a5 14. a4 e6 15. Ndb5 Ra6 16. Rad1 d5 17. Bg5 Qc6 18. exd5 exd5 19. Bxf6 Bxf6 20. Nxd5 Qc5+ 21.
Kh1 Bg7 22. Rfe1 Re6 23. Rxe6 fxe6 24. Nxb4 axb4 25. Qd7 e5 26. Qe6+ Kh8 27. Rd5 1-0

[Event "*** Qualifier 1: Titled Tuesday 3|2 Blitz"]
[Site "Chess.com"]
[Date "2017.04.04"]
[Round "6"]
[White "GamayevOleg"]
[Black "Fandorine"]
[Result "0-1"]
[WhiteElo "2409"]
[BlackElo "2633"]
[TimeControl "180+2"]
[EndTime "14:22:32 PDT"]
[Termination "Fandorine won by resignation"]

1. e3 g6 2. f4 Bg7 3. Nf3 b6 4.
Be2 Bb7 5. O-O Nf6 6. d3 d5 7. Qe1 O-O 8. Qh4 c5 9. a4 Nc6 10. Nbd2 e6 11. Ne5 Nd7 12. Qxd8 Rfxd8 13. Nxd7 Rxd7 14. Bf3 Nb4 15. Bd1 Rc8 16. Nf3 d4 17. e4 c4 18. Bd2 cxd3 19. Bxb4 dxc2 20. Bxc2 Rxc2 21. Ne5 Rd8 22. Rac1 Bxe4 23. Rxc2 Bxc2 24. Rc1 Bxa4 25. Rc7 f6 26. Nf3 a5 27. Be7 Rd7 28.
Rxd7 Bxd7 29. Nxd4 f5 30. Nf3 Bxb2 31. Bd8 a4 32.
Bxb6 a3 33. Bd4 Bc6 34. Bxb2 axb2 35. Nd2 Be4 0-1

[Event "*** Qualifier 1: Titled Tuesday 3|2 Blitz"]
[Site "Chess.com"]
[Date "2017.04.04"]
[Round "6"]
[White "TenisMaster"]
[Black "Dlugy"]
[Result "0-1"]
[WhiteElo "2660"]
[BlackElo "2662"]
[TimeControl "180+2"]
[EndTime "14:22:39 PDT"]
[Termination "Dlugy won by checkmate"]

1. e4 c5 2. Nf3 d6 3. d4 cxd4 4.
Nxd4 Nf6 5. Nc3 Nc6 6. Bg5 e6 7. Qd2 a6 8. O-O-O h6 9. Be3 Nxd4 10. Bxd4 b5 11. f3 Qa5 12. Kb1 b4 13. Ne2 e5 14.
Be3 Be6 15. Nc1 d5 16. Bd3 dxe4 17. fxe4 Be7 18. h3 O-O 19. g4 Rfc8 20. g5 hxg5 21. Bxg5 Qc7 22. Rhg1 a5 23. Qf2 Ne8 24. Rg3 Bxg5 25.
Rxg5 a4 26. Rdg1 f6 27. Rh5 Bf7 28. Rh4 a3 29. Rhg4 axb2 30. Nb3 Bxb3 31. axb3 Ra1+ 32. Kxb2 Qc3# 0-1

[Event "*** Qualifier 1: Titled Tuesday 3|2 Blitz"]
[Site "Chess.com"]
[Date "2017.04.04"]
[Round "6"]
[White "PowerThinking2650"]
[Black "Fiona"]
[Result "1-0"]
[WhiteElo "2190"]
[BlackElo "2224"]
[TimeControl "180+2"]
[EndTime "14:23:04 PDT"]
[Termination "PowerThinking2650 won by resignation"]

1. e4 e5 2. Nf3 Nc6 3. Nc3 Nf6 4.
d4 exd4 5. Nxd4 Bb4 6. Nxc6 bxc6 7.
Bd3 d5 8. exd5 cxd5 9. O-O O-O 10. Bg5 c6 11. Qf3 Bxc3 12. bxc3 h6 13. Be3 Bg4 14.
Qg3 Qd7 15. h3 Bf5 16. Bxh6 Nh5 17. Qg5 Bg6 18. Bxg6 fxg6 19. Qxg6 Rf6 20. Qxh5 Rxh6 21. Qg4 Qc7 22. Rae1 Rf8 23. Qg3 Qd7 24. Re5 Rhf6 25.
f3 Qf7 26. Rfe1 Rg6 27. Rg5 Rf6 28. Qe5 Rb8 29. Qxb8+ 1-0

[Event "*** Qualifier 1: Titled Tuesday 3|2 Blitz"]
[Site "Chess.com"]
[Date "2017.04.04"]
[Round "6"]
[White "Rating-Schmating"]
[Black "iaraldinho"]
[Result "1-0"]
[WhiteElo "2227"]
[BlackElo "2380"]
[TimeControl "180+2"]
[EndTime "14:23:27 PDT"]
[Termination "Rating-Schmating won by resignation"]

1. e4 c5 2. Nf3 a6 3. d4 cxd4 4. Nxd4 Nf6 5. Bd3 e5 6. Nf5 d6 7. Ne3 Be7 8. c4 O-O 9. Nc3 Nc6 10. O-O Be6 11. b3 Nd7 12. Nf5 Nc5 13. Nxe7+ Qxe7 14. Bc2 Nd4 15. Be3 Nxc2 16. Qxc2 f5 17. Rad1 fxe4 18. Bxc5 dxc5 19. Qxe4 Bf5 20. Qe3 Rae8 21. Rfe1 Bg4 22. f3 Bf5 23. Nd5 Qh4 24. Qxc5 e4 25. Qf2 Qxf2+ 26.
Kxf2 Bg4 27. Kg3 Bh5 28. Nf4 Re5 29. Nxh5 Rxh5 30. Rxe4 Rg5+ 31. Rg4 Ra5 32. a4 h6 33. Rd7 Rf7 34. Rxf7 Kxf7 35. Rd4 Ke6 36. Kf4 Rf5+ 37.
Ke3 Rh5 38. h4 Re5+ 39. Re4 1-0

[Event "*** Qualifier 1: Titled Tuesday 3|2 Blitz"]
[Site "Chess.com"]
[Date "2017.04.04"]
[Round "6"]
[White "Buffy7"]
[Black "biostatistician"]
[Result "1-0"]
[WhiteElo "2532"]
[BlackElo "2462"]
[TimeControl "180+2"]
[EndTime "14:23:31 PDT"]
[Termination "Buffy7 won by resignation"]

1. d4 Nf6 2. c4 g6 3. Nc3 Bg7 4.
e4 d6 5. Nf3 O-O 6. Be2 e5 7.
d5 a5 8. Bg5 h6 9. Bh4 Na6 10. Nd2 Qe8 11. b3 Nh7 12. Rb1 Bd7 13. a3 f5 14. f3 h5 15. O-O Bh6 16. b4 axb4 17. axb4 Be3+ 18. Kh1 g5 19. Bf2 Bxf2 20. Rxf2 f4 21. Bd3 g4 22. Nf1 Qe7 23. Ra2 Qh4 24.
c5 dxc5 25. Bxa6 Rxa6 26. Rxa6 bxa6 27. bxc5 g3 28. c6 Bc8 29. d6 cxd6 30. Qxd6 Qf6 31. Qxf6 Rxf6 32. Rb6 Rd6 33. Nd5 Kf7 34. Nd2 h4 35.
Nc4 Re6 36. Rb8 Rxc6 37. Nxe5+ Ke6 38. Nxc6 1-0

[Event "*** Qualifier 1: Titled Tuesday 3|2 Blitz"]
[Site "Chess.com"]
[Date "2017.04.04"]
[Round "6"]
[White "Keaton87"]
[Black "HansCoolNiemann"]
[Result "0-1"]
[WhiteElo "2483"]
[BlackElo "2345"]
[TimeControl "180+2"]
[EndTime "14:23:34 PDT"]
[Termination "HansCoolNiemann won by resignation"]

1. d4 Nf6 2. Bg5 c5 3. Nc3 cxd4 4. Qxd4 Nc6 5. Qh4 e6 6. O-O-O Be7 7. e4 h6 8. f4 d5 9. e5 Nd7 10. Bxe7 Nxe7 11.
Nf3 Nc5 12. g4 Bd7 13. Kb1 a6 14. Rg1 Rc8 15. Nd4 g5 16. fxg5 Ng6 17. Qg3 hxg5 18. Bd3 Nf4 19. h4 Ncxd3 20. cxd3 Qb6 21. Nde2 d4 22. Qf2 dxc3 23. Qxb6 c2+ 24. Kc1 Nxe2+ 25. Kd2 cxd1=Q+ 26. Rxd1 Nf4 27. h5 Bc6 28. Rc1 Rd8 29. Rxc6 Rxd3+ 30. Kc2 bxc6 31. Qxc6+ Kf8 32. Qxa6 Rg3 33.
a4 Rxg4 34. a5 Nd5 35. Qb7 Rxh5 36. a6 Rh2+ 37. Kb3 Rh3+ 38. Kc2 Nb4+ 39. Kd2 Nxa6 0-1

[Event "*** Qualifier 1: Titled Tuesday 3|2 Blitz"]
[Site "Chess.com"]
[Date "2017.04.04"]
[Round "6"]
[White "Noukii"]
[Black "ruvat"]
[Result "1-0"]
[WhiteElo "2648"]
[BlackElo "2233"]
[TimeControl "180+2"]
[EndTime "14:23:36 PDT"]
[Termination "Noukii won by resignation"]

1. d4 d6 2. c4 e5 3. d5 a5 4. Nc3 Be7 5. e4 Na6 6. g3 Bg5 7. Bxg5 Qxg5 8. Bg2 Nc5 9. Nge2 Qe7 10. O-O Nf6 11. h3 O-O 12. Qd2 Bd7 13. Rae1 c6 14.
g4 h6 15. Ng3 cxd5 16. exd5 a4 17. f4 Rfe8 18. g5 hxg5 19. fxg5 Nh7 20. h4 Qd8 21. Nce4 Nxe4 22. Bxe4 g6 23. Kh2 Qe7 24. Re2 Rac8 25.
b3 axb3 26. axb3 b5 27. Bd3 bxc4 28. bxc4 Rf8 29. Ref2 Rc7 30. Ne4 Bc8 31. Nf6+ Kg7 32. Qe3 Ba6 33. h5 Bxc4 34. Nxh7 Kxh7 35. hxg6+ Kg7 36. Rxf7+ 1-0

[Event "*** Qualifier 1: Titled Tuesday 3|2 Blitz"]
[Site "Chess.com"]
[Date "2017.04.04"]
[Round "6"]
[White "Vamostodorecto"]
[Black "macko06"]
[Result "1-0"]
[WhiteElo "2347"]
[BlackElo "2326"]
[TimeControl "180+2"]
[EndTime "14:23:37 PDT"]
[Termination "Vamostodorecto won by resignation"]

1. d4 Nf6 2. c4 e6 3. Nc3 Bb4 4.
e3 O-O 5. a3 Bxc3+ 6. bxc3 c5 7. Bd3 Nc6 8. Ne2 b6 9. O-O Ba6 10. e4 Na5 11. e5 Ne8 12. Qc2 f5 13. exf6 Nxf6 14. Bf4 Bxc4 15. Bd6 Bxd3 16. Qxd3 c4 17. Qc2 Rf7 18. Rad1 Nd5 19. Ng3 Nb7 20. Ne4 Nxd6 21. Nxd6 Rf6 22. Nxc4 Rc8 23. Qb3 b5 24. Nd6 Rxc3 25.
Qxb5 Rg6 26. Qa6 h5 27. Kh1 Qg5 28. Rg1 h4 29. Ne4 Qd8 30. Nxc3 Nxc3 31. Rc1 Qc7 32. Qd3 h3 33. Qxg6 hxg2+ 34. Qxg2 d5 35. Rxc3 1-0

[Event "*** Qualifier 1: Titled Tuesday 3|2 Blitz"]
[Site "Chess.com"]
[Date "2017.04.04"]
[Round "6"]
[White "Alexander_Moskalenko"]
[Black "Robin-Side"]
[Result "0-1"]
[WhiteElo "2609"]
[BlackElo "2413"]
[TimeControl "180+2"]
[EndTime "14:23:39 PDT"]
[Termination "Robin-Side won on time"]

1. c4 c5 2. Nc3 g6 3. Nf3 Bg7 4.
g3 Nc6 5. Bg2 e5 6. O-O Nge7 7. d3 O-O 8. Ne1 d6 9. Nc2 a6 10. Ne3 Rb8 11. a4 Be6 12. Ned5 h6 13. a5 f5 14. Bd2 Bf7 15. Nxe7+ Nxe7 16. b4 cxb4 17. Na4 d5 18. Bxb4 dxc4 19. dxc4 Re8 0-1

[Event "*** Qualifier 1: Titled Tuesday 3|2 Blitz"]
[Site "Chess.com"]
[Date "2017.04.04"]
[Round "6"]
[White "stefanodinn"]
[Black "AmazingAtlas"]
[Result "1-0"]
[WhiteElo "2202"]
[BlackElo "2268"]
[TimeControl "180+2"]
[EndTime "14:23:46 PDT"]
[Termination "stefanodinn won by resignation"]

1. Nf3 Nf6 2. c4 c5 3. Nc3 b6 4. g3 Bb7 5. Bg2 g6 6. O-O Bg7 7. Re1 d5 8. d4 O-O 9. dxc5 dxc4 10.
Qa4 bxc5 11. Qxc4 Nbd7 12. Bf4 Qb6 13. Rad1 Qb4 14. Qxb4 cxb4 15. Nb5 Nc5 16. Be5 a6 17.
Nc7 Rac8 18. Nd4 Bxg2 19. Kxg2 Nfd7 20. Bxg7 Kxg7 21. Nd5 e6 22. Ne3 Nb6 23. Rd2 Rfd8 24. Red1 Nca4 25. Nxe6+ fxe6 26. Rxd8 Nxb2 27. Rxc8 Nxc8 28.
Rb1 Na4 29. Rxb4 Nc3 30. Rc4 1-0

[Event "*** Qualifier 1: Titled Tuesday 3|2 Blitz"]
[Site "Chess.com"]
[Date "2017.04.04"]
[Round "6"]
[White "Sethu0025"]
[Black "MagnusSeinFanboy"]
[Result "1-0"]
[WhiteElo "2584"]
[BlackElo "2226"]
[TimeControl "180+2"]
[EndTime "14:23:48 PDT"]
[Termination "Sethu0025 won by resignation"]

1. e4 e5 2. Nf3 Nc6 3. Nc3 Nf6 4.
Be2 d5 5. exd5 Nxd5 6. O-O Bc5 7. Bb5 f6 8. d4 exd4 9. Re1+ Ne7 10. Ne4 Bb4 11.
Bxc6+ bxc6 12. Bd2 Rb8 13. Bxb4 Rxb4 14. b3 Bg4 15. a3 Rb5 16. h3 Bxf3 17. Qxf3 O-O 18. a4 Rd5 19. Rad1 c5 20. Ng3 Ng6 21. Nf5 c6 22. g4 Ne5 23. Qe4 g6 24. Ng3 Qd7 25. f4 Nf7 26. Qf3 Re8 27. Ne4 Kg7 28. Re2 f5 29. gxf5 Rxf5 30. Rde1 Rf8 31. Ng3 Rf6 32. f5 Nh6 33. Re7+ R8f7 34. Rxd7 Rxd7 35. Re6 Nxf5 36. Rxf6 Kxf6 37. Nxf5 gxf5 38. Qxc6+ Ke7 39. Qxc5+ Ke6 40. a5 h5 41. b4 d3 42. Qc4+ Ke5 43.
cxd3 Rg7+ 44. Kf2 h4 45. Qc3+ 1-0

[Event "*** Qualifier 1: Titled Tuesday 3|2 Blitz"]
[Site "Chess.com"]
[Date "2017.04.04"]
[Round "6"]
[White "Bigfish1995"]
[Black "larso"]
[Result "1-0"]
[WhiteElo "2663"]
[BlackElo "2444"]
[TimeControl "180+2"]
[EndTime "14:23:49 PDT"]
[Termination "Bigfish1995 won by resignation"]

1. e4 c5 2. Nf3 d6 3. d4 cxd4 4.
Nxd4 Nf6 5. Nc3 a6 6. h4 e5 7. Nb3 Be7 8. Be2 Be6 9. f4 exf4 10. Bxf4 Nc6 11. Qd3 Ne5 12. Qg3 O-O 13. O-O-O Qc7 14. h5 Kh8 15. h6 g6 16. Bg5 Ng8 17. Nd4 Rad8 18. Rhf1 Nc6 19. Nxe6 fxe6 20. Rxf8 Rxf8 21. Bxe7 Ngxe7 22. Qxd6 Qxd6 23. Rxd6 Rf2 24. Rxe6 Kg8 25. Bc4 Kf8 26. Nd5 Rxg2 27. Nxe7 Nxe7 28. Rf6+ Ke8 29. Rf7 Rg1+ 30. Kd2 Rg2+ 31. Kc3 Rg3+ 32. Kd4 Nc6+ 33. Kc5 Rg5+ 34. Kd6 1-0

[Event "*** Qualifier 1: Titled Tuesday 3|2 Blitz"]
[Site "Chess.com"]
[Date "2017.04.04"]
[Round "6"]
[White "platy3"]
[Black "FairChess_on_YouTube"]
[Result "1-0"]
[WhiteElo "2631"]
[BlackElo "2714"]
[TimeControl "180+2"]
[EndTime "14:23:54 PDT"]
[Termination "platy3 won by checkmate"]

1. e4 c5 2. Nf3 e6 3. d4 cxd4 4.
Nxd4 a6 5. c4 Nf6 6. Nc3 Bb4 7.
Qd3 d6 8. Nc2 Ba5 9. b4 Bc7 10.
Be2 O-O 11. O-O b6 12. Bb2 Bb7 13. Rfe1 Nbd7 14. Bf1 Rc8 15. Rad1 Bb8 16. Qh3 Qe7 17. f4 Rfd8 18. Bd3 Nf8 19. Nd5 exd5 20. exd5 Qd7 21. Bf5 Qa4 22. Bxf6 gxf6 23. Ne3 Qxb4 24. Ng4 Rxc4 25.
Qh6 Rxf4 26. Nxf6+ Kh8 27. Ne8 Rxe8 28. Rxe8 Qc5+ 29.
Kh1 Qd4 30. Qxf8# 1-0

[Event "*** Qualifier 1: Titled Tuesday 3|2 Blitz"]
[Site "Chess.com"]
[Date "2017.04.04"]
[Round "6"]
[White "Goala"]
[Black "RichardLeyvaP"]
[Result "1-0"]
[WhiteElo "2277"]
[BlackElo "2373"]
[TimeControl "180+2"]
[EndTime "14:23:58 PDT"]
[Termination "Goala won on time"]

1. d4 Nf6 2. c4 g6 3. Nc3 Bg7 4. e4 d6 5. h3 O-O 6. Bg5 c5 7. d5 h6 8. Be3 e6 9. Nf3 exd5 10.
cxd5 Re8 11. Bd3 a6 12. a4 c4 13. Bc2 Qa5 14. O-O Nbd7 15. Bf4 Qc7 16. Re1 Nh5 17.
Bh2 Ne5 18. Nxe5 Bxe5 19. Bxe5 Rxe5 20. Qf3 Bd7 21. g4 Ng7 22. Qg3 Qb6 23. Rab1 g5 24. b3 cxb3 25. Rxb3 Qc7 26. Bd3 Rae8 27. Reb1 Bc8 28.
Ne2 Qa5 29. Rb4 h5 30. Nd4 Qc5 31. Nf3 hxg4 32. hxg4 Qc3 33. Nxe5 Rxe5 34. Rc4 1-0

[Event "*** Qualifier 1: Titled Tuesday 3|2 Blitz"]
[Site "Chess.com"]
[Date "2017.04.04"]
[Round "6"]
[White "Bugcrusher"]
[Black "rasmussvane"]
[Result "0-1"]
[WhiteElo "2455"]
[BlackElo "2527"]
[TimeControl "180+2"]
[EndTime "14:24:06 PDT"]
[Termination "rasmussvane won by resignation"]

1. d4 Nf6 2. Nf3 d5 3. c4 e6 4.
Nc3 c6 5. Bg5 h6 6. Bxf6 Qxf6 7.
g3 Nd7 8. Bg2 dxc4 9. O-O Be7 10.
Ne4 Qf5 11. Ned2 e5 12. e4 Qe6 13. Rc1 exd4 14. Nxd4 Qf6 15. Nxc4 O-O 16. Nf5 Nb6 17.
Nxe7+ Qxe7 18. Qd6 Qxd6 19. Nxd6 Rb8 20. f4 Be6 21. b3 f6 22. Rfe1 Rfd8 23. Rcd1 Rd7 24. e5 Rbd8 25. f5 Bxf5 26. e6 Rxd6 27. Rxd6 Rxd6 28. e7 Bg6 29. e8=Q+ Bxe8 30. Rxe8+ Kf7 31. Rb8 Rd7 32. Bh3 Rc7 33. Kf2 Nd7 34. Ra8 a6 35. Ra7 Ne5 36. Ke3 Ke7 37. Bg2 Kd6 38. Ra8 Re7 39. Kf4 Kc5 40. Kf5 Kb4 41. h4 Ka3 42. g4 Kxa2 43. b4 Kb3 44. g5 hxg5 45.
hxg5 fxg5 0-1

[Event "*** Qualifier 1: Titled Tuesday 3|2 Blitz"]
[Site "Chess.com"]
[Date "2017.04.04"]
[Round "6"]
[White "MorpheusPro"]
[Black "Rock700chess"]
[Result "0-1"]
[WhiteElo "2087"]
[BlackElo "2221"]
[TimeControl "180+2"]
[EndTime "14:24:08 PDT"]
[Termination "Rock700chess won by checkmate"]

1. d4 Nf6 2. c4 e6 3. Nc3 Bb4 4. Nf3 d5 5. Bg5 Nbd7 6. e3 O-O 7. Bd3 h6 8. Bh4 c6 9. O-O b6 10. Ne5 Bb7 11. Nxd7 Qxd7 12. Bxf6 gxf6 13. Qh5 dxc4 14. Bxc4 Bxc3 15. bxc3 Kh7 16. Bd3+ f5 17. e4 fxe4 18.
Bxe4+ f5 19. Bf3 Qf7 20. Qh3 a5 21. Rfe1 a4 22. Re5 Ra5 23. Rxa5 bxa5 24. Re1 c5 25. dxc5 Bxf3 26. Qxf3 Rc8 27. Re5 Qd7 28. h3 Qc6 29.
Qe3 Rg8 30. f3 Rg6 31. Kf2 h5 32. h4 Qb7 33. Qd2 Qg7 34. Qf4 Rxg2+ 35. Ke3 Rxa2 36.
Rxe6 Qxc3# 0-1

[Event "*** Qualifier 1: Titled Tuesday 3|2 Blitz"]
[Site "Chess.com"]
[Date "2017.04.04"]
[Round "6"]
[White "Zhani-Z"]
[Black "Usurpov"]
[Result "1-0"]
[WhiteElo "2383"]
[BlackElo "2272"]
[TimeControl "180+2"]
[EndTime "14:24:08 PDT"]
[Termination "Zhani-Z won by resignation"]

1. e4 c5 2. Nf3 Nc6 3. Bb5 e6 4. O-O Nge7 5. Re1 a6 6. Bf1 d5 7. exd5 Nxd5 8. d4 Nf6 9. Be3 Ng4 10. Bg5 Be7 11. Bxe7 Nxe7 12. dxc5 Qc7 13. Nc3 O-O 14. Qd6 Qxd6 15. cxd6 Nf5 16. Rad1 Rd8 17. Ne4 Nf6 18. Nxf6+ gxf6 19. c4 Rxd6 20. Rxd6 Nxd6 21. Rd1 Ne8 22. c5 Kf8 23. Nd4 Bd7 24. g3 Rc8 25. b4 a5 26.
a3 axb4 27. axb4 b6 28. cxb6 Rb8 29. b5 Rxb6 30. Bg2 Ke7 31. Nc6+ Bxc6 32. bxc6 Nd6 33. c7 Nc8 34. Rd8 Rb1+ 35. Bf1 1-0

[Event "*** Qualifier 1: Titled Tuesday 3|2 Blitz"]
[Site "Chess.com"]
[Date "2017.04.04"]
[Round "6"]
[White "kleinebeer98"]
[Black "amaidel"]
[Result "1-0"]
[WhiteElo "2491"]
[BlackElo "2479"]
[TimeControl "180+2"]
[EndTime "14:24:09 PDT"]
[Termination "kleinebeer98 won by checkmate"]

1. e4 e5 2. Nf3 Nf6 3. Nc3 Nc6 4.
h3 Bb4 5. Bd3 O-O 6. O-O d5 7.
exd5 Nxd5 8. Nxd5 Qxd5 9. Re1 Bd6 10. Be4 Qa5 11. c3 Bd7 12. b4 Qb6 13. d3 a5 14.
Be3 Qa6 15. b5 Qxb5 16. Rb1 Qa6 17. Ng5 h6 18. Qh5 Nd8 19. Nh7 Re8 20. Bxh6 gxh6 21. Qxh6 Be7 22. Qh5 f5 23. Bxf5 Bxf5 24. Qxe8+ Kxh7 25. Qxe7+ Kh6 26. Rxe5 Qg6 27. Qf8+ Kg5 28. f4+ Kh4 29.
Rxf5 Ne6 30. Qe7+ Kg3 31. Rf1 Qxf5 32. Rf3# 1-0

[Event "*** Qualifier 1: Titled Tuesday 3|2 Blitz"]
[Site "Chess.com"]
[Date "2017.04.04"]
[Round "6"]
[White "armago"]
[Black "ecwinslow"]
[Result "0-1"]
[WhiteElo "2182"]
[BlackElo "2097"]
[TimeControl "180+2"]
[EndTime "14:24:10 PDT"]
[Termination "ecwinslow won on time"]

1. d4 Nf6 2. c4 g6 3. Nc3 Bg7 4.
e4 d6 5. h3 O-O 6. Nf3 e5 7.
d5 a5 8. g4 Na6 9. Be3 h5 10. g5 Ne8 11. a3 Bd7 12. Rb1 f5 13. gxf6 Qxf6 14. Be2 Nc5 15. b4 axb4 16. axb4 Na4 17.
Nxa4 Rxa4 18. Ng5 Ra3 19. Qc1 Ra2 20. Rb2 Rxb2 21. Qxb2 Qe7 22. Rg1 Rf4 23. Bxf4 exf4 24. Qc2 Be5 25. Nf3 Kh7 26. Ng5+ Kh6 27. h4 Nf6 28. f3 Nh7 29. Qa2 Bd4 30. Rg2 Be3 31.
Qa8 Qg7 32. Qd8 Qc3+ 0-1

[Event "*** Qualifier 1: Titled Tuesday 3|2 Blitz"]
[Site "Chess.com"]
[Date "2017.04.04"]
[Round "6"]
[White "jncool68"]
[Black "sergiochess83"]
[Result "1/2-1/2"]
[WhiteElo "2540"]
[BlackElo "2671"]
[TimeControl "180+2"]
[EndTime "14:24:19 PDT"]
[Termination "Game drawn by agreement"]

1. e4 e5 2. Nf3 Nc6 3. Bb5 a6 4.
Ba4 Nf6 5. O-O b5 6. Bb3 Bc5 7. a4 Rb8 8. Nxe5 Nxe5 9. d4 Bxd4 10. Qxd4 d6 11. f4 Nc6 12. Qc3 Ne7 13. Qd3 O-O 14.
Nd2 c5 15. axb5 axb5 16. c4 bxc4 17. Bxc4 d5 18. exd5 Bf5 19. Qe2 Nexd5 20. Nf3 Nb6 21. Bb5 c4 22. Ne5 Qd5 23. Bc6 Qd6 24. Qf3 Nbd5 25.
Rd1 Qc5+ 26. Kh1 Rfd8 27. Bxd5 Nxd5 28. Bd2 f6 29. Ra5 Rb5 30. Be3 Rxa5 31. Bxc5 Rxc5 32. Ng4 Re8 33. h3 c3 34. bxc3 Be4 35. Qf2 Rxc3 36. Re1 h5 37. Qd4 Rd3 38. Qxd3 Bxd3 39. Rxe8+ Kf7 40. Rd8 Nxf4 41. Ne3 Be4 42. Rd4 Nxh3 43. Kh2 Ng5 1/2-1/2

[Event "*** Qualifier 1: Titled Tuesday 3|2 Blitz"]
[Site "Chess.com"]
[Date "2017.04.04"]
[Round "6"]
[White "jcibarra"]
[Black "AlexanderL"]
[Result "1/2-1/2"]
[WhiteElo "2661"]
[BlackElo "2570"]
[TimeControl "180+2"]
[EndTime "14:24:20 PDT"]
[Termination "Game drawn by agreement"]

1. e4 e6 2. d4 d5 3. Nd2 c5 4.
Ngf3 cxd4 5. exd5 Qxd5 6. Bc4 Qd6 7. O-O Nf6 8. Nb3 Nc6 9. Nbxd4 Nxd4 10. Nxd4 a6 11. Re1 Qc7 12. Bf1 Be7 13. Qf3 O-O 14. Bf4 Bd6 15. Bxd6 Qxd6 16. Rad1 Qc7 17. c4 Bd7 18. Qg3 Rac8 19. Qxc7 Rxc7 20. Nf3 Rfc8 21. Ne5 Be8 22. f4 Nd7 23. Nxd7 Bxd7 24. Rd6 Kf8 25. Red1 Bc6 26. Rd8+ Ke7 27. Rxc8 Rxc8 28. Kf2 a5 29. Ke3 f6 30. g3 b6 31. b3 e5 32. fxe5 fxe5 33.
Bd3 Ke6 34. Be4 Bxe4 35. Kxe4 Rf8 36. Rd5 Rf2 37. Rxe5+ Kd6 38. Rg5 Rxh2 39. Rxg7 Rxa2 40. Kd4 Rd2+ 41. Kc3 Rg2 42. Kd4 h5 43. Rg6+ Kc7 44.
Rg5 Kb7 45. Kc3 Rh2 46. b4 axb4+ 47. Kxb4 Rb2+ 48. Kc3 Rh2 49. Kb4 1/2-1/2

[Event "*** Qualifier 1: Titled Tuesday 3|2 Blitz"]
[Site "Chess.com"]
[Date "2017.04.04"]
[Round "6"]
[White "oggy1984"]
[Black "dhanushbharadwaj"]
[Result "1-0"]
[WhiteElo "2319"]
[BlackElo "2422"]
[TimeControl "180+2"]
[EndTime "14:24:25 PDT"]
[Termination "oggy1984 won by checkmate"]

1. Nf3 Nf6 2. c4 g6 3. Nc3 Bg7 4. d4 d6 5. e4 O-O 6. Be2 Na6 7. O-O e5 8. Be3 Ng4 9. Bg5 Qe8 10. h3 h6 11. Bh4 exd4 12. Nxd4 Nf6 13. Bf3 c6 14. Re1 Be6 15. Nd5 cxd5 16. exd5 Qc8 17. dxe6 fxe6 18.
Nxe6 Rf7 19. Qxd6 Qxc4 20. Nxg7 Qxh4 21. Ne6 Rc8 22. Nd8 Rd7 23. Bd5+ Nxd5 24. Qe6+ Kf8 25. Qe8+ Kg7 26. Qxd7+ Kf6 27. Qxc8 Nac7 28. Qd7 Qd4 29.
Qf7+ Kg5 30. Rad1 Qxb2 31. Rxd5+ Nxd5 32. Qxd5+ Kh4 33. Re4# 1-0